 Dungeon Crawl Stone Soup version 0.31-a0-236-g9a0961fb85 (webtiles) character file.

Game seed: 10189870111270144071

84 Anon1729 the Slasher (level 5, 0/46 HPs)
             Began as a Meteoran Monk on July 10, 2023.
             Constricted to death by a ball python (1 damage)
             ... on level 4 of the Dungeon.
             The game lasted 00:01:04 (596 turns).

Anon1729 the Slasher (Meteoran Monk)                 Turns: 596, Time: 00:01:04

Health: 0/46       AC:  2    Str: 13    XL:     5   Next: 3%
Magic:  6/6        EV: 11    Int: 11    God:
Gold:   63         SH:  0    Dex: 18    Spells: 4/4 levels left

rFire   . . .        a - +0 falchion
rCold   . . .        d - orb {light}
rNeg    . . .        b - +0 robe
rPois   .            (no helmet)
rElec   .            (no cloak)
rCorr   .            (no gloves)
SInv    .            (no boots)
Will    .....        (no amulet)
Stlth   +            (no ring)
HPRegen 0.27/turn    (no ring)
MPRegen 0.10/turn

%: no passive effects
@: confused, lethally poisoned (0 -> -3), ambrosia-drunk, glowing, constricted
A: sense surroundings 1, otherworldly, glowing, explore regen
a: no special abilities


You were on level 4 of the Dungeon.
You visited 1 branch of the dungeon, and saw 4 of its levels.

You collected 63 gold pieces.

Inventory:

Hand Weapons
 a - a +0 falchion (weapon)
 j - a +1 dagger of protection
Armour
 b - a +0 robe (worn)
 d - an orb of light (worn)
Scrolls
 f - 2 scrolls of identify {unknown}
 g - 3 scrolls of teleportation {unknown}
 h - a scroll of revelation {unknown}
 i - 2 scrolls of acquirement {unknown}
Potions
 e - 2 potions of might {unknown}


   Skills:
 + Level 4.2 Fighting
 + Level 4.6 Long Blades
 + Level 4.6 Dodging


You had 4 spell levels left.
You didn't know any spells.
Your spell library contained the following spells:

 Spells                   Type           Power      Damage    Failure   Level
 Kiss of Death            Conj/Necr      0%         2d5       34%         1
 Confusing Touch          Hex            0%         N/A       71%         3
 Dispel Undead            Necr           0%         3d6       98%         4


Dungeon Overview and Level Annotations

Branches:
Dungeon (4/15) Zot: 1800   Temple (0/1) D:4

Altars:
The Shining One


Innate Abilities, Weirdness & Mutations

You passively map a small area around you.
You are easily found by Zot.
You glow in the dark.
You regain HP and MP as you explore.


Message History

The ball python grabs you. The ball python constricts you.
You barely miss the scorpion.
The scorpion is moderately wounded.
The scorpion stings you.
You are poisoned.
The scorpion poisons you! The ball python bites you.
The ball python constricts you. The kobold hits you but does no damage.
You slash the scorpion!
The scorpion is severely wounded.
You feel very sick. The scorpion completely misses you.
The ball python bites you but does no damage.
The ball python constricts you. The kobold hits you with a +0 club.
The scorpion closely misses you.
You hit the scorpion.
The scorpion is almost dead.
You feel very sick. The ball python bites you. The ball python constricts you.
The scorpion stings you. The kobold hits you with a +0 club.
The ball python closely misses you. The ball python constricts you.
You barely miss the scorpion.
The scorpion is almost dead.
You feel sick. The scorpion completely misses you. The ball python misses you.
The ball python constricts you. The kobold hits you but does no damage.
You hit the scorpion.
You kill the scorpion!
You feel sick. The ball python bites you.
* * * LOW HITPOINT WARNING * * *
The ball python constricts you. The kobold hits you with a +0 club.
* * * LOW HITPOINT WARNING * * *
Your Fighting skill increases to level 4!
You have reached level 4!
You have reached level 5!
You are confused.
You feel invigorated.
You feel sick. The ball python bites you.
* * * LOW HITPOINT WARNING * * *
The ball python constricts you. The kobold hits you with a +0 club.
* * * LOW HITPOINT WARNING * * *
The ball python barely misses you. The ball python constricts you.
You die...

######### *#######
#........
.,.....)#
#.######.
#.##.##.## #.# #.
.!.......#######.#
#.
.................#
#.
..⌠...⌠..##.######
###. ,
.........##.# #...
....>.†@....#
####...
*.......KS####
#......[ ,
!.⌠...⌠..# *
#.###... *
........!. #. #...
.........##
#####.#####.
#.##.##.##
,........###. * #
#.. ... ,
............ ...
..# * #.#####.#..#
* * * #.#..#


You could see a ball python and a kobold.

Vanquished Creatures
  A scorpion (D:4)
  An adder (D:3)
  A bat (D:2)
  An endoplasm (D:2)
  A hobgoblin (D:1)
  3 jackals (D:1)
  3 kobolds
  2 quokkas
  4 goblins
  A rat (D:1)
18 creatures vanquished.

Notes
Turn   | Place    | Note
-------+----------+-------------------------------------------
     0 | D:1      | Anon1729 the Meteoran Monk began the quest for the Orb.
     0 | D:1      | Reached XP level 1. HP: 19/19 MP: 2/2
    19 | D:1      | Reached XP level 2. HP: 18/26 MP: 3/3
   428 | D:2      | Reached XP level 3. HP: 31/31 MP: 4/4
   477 | D:3      | Found a glowing golden altar of the Shining One.
   583 | D:4      | Found a staircase to the Ecumenical Temple.
   587 | D:4      | Noticed a scorpion
   595 | D:4      | Killed a scorpion
   596 | D:4      | Reached XP level 4. HP: 3/40 MP: 5/5
   596 | D:4      | Reached XP level 5. HP: 3/46 MP: 6/6
   596 | D:4      | HP: 1/46 [kobold/+0 club (2)]
   596 | D:4      | Constricted to death by a ball python

Illustrated notes

Levels and vault maps discovered:
D:1:      dpeg_arrival_tiny_b, layout_loops_cross, kennysheep_boxes
D:2:      layout_loops_ring
D:3:      layout_loops_ring, mainiacjoe_overflow_tiny_flanked
D:4:      layout_loops_ring, zin_statuary, minmay_temple_entry_large_hall,
          portal_sewer_entry_e

Skill      XL: |  1  2  3 |
---------------+----------+-----
Long Blades    | 4 |  4.6
Dodging        | 4 |  4.6
Fighting       | 4 |  4.2

Action                     |  1- 3 |  4- 6 || total
---------------------------+-------+-------++-------
  Melee: Falchion          |    44 |       ||    44
    Use: Potion            |       |     1 ||     1
 Armour: Robe              |    16 |       ||    16
  Dodge: Dodged            |    42 |     1 ||    43

Table legend: (Time is in decaauts)
 A = Elapsed time spent in this place.
 B = Non-inter-level travel time spent in this place.
 C = Inter-level travel time spent in this place.
 D = Time resting spent in this place.
 E = Time spent auto-exploring this place.
 F = Levels seen in this place.
 G = Mean time per level.
                   A        B        C        D        E       F      G
               +--------+--------+--------+--------+--------+-----+--------+
         Total |    598 |    574 |     24 |      0 |    423 |   4 |  149.5 |
       Dungeon |    598 |    574 |     24 |      0 |    423 |   4 |  149.5 |
               +--------+--------+--------+--------+--------+-----+--------+

Top non-repeatable levels by time:
     D:2: 312 daAuts
     D:1: 125 daAuts
     D:3: 102 daAuts
     D:4: 58 daAuts
